AoeStats
← RagnarLothbrok

African Clearing

510435374Analyzed
4v4 RM · 8h ago on Oct 1, 2026· 35m 24s· 8 players
Game mode
Random Map
Map size
Large (8 player)
Population
200
Speed
Normal
Resources
Standard
Victory
Conquest
Starting age
Dark Age
Ending age
Imperial Age
RankedLock teamsTeams togetherTeam positionsShared explorationLock speedFull tech treeHidden civsTurbo modeCheats
Victory
Defeat
🇭🇰 Saracens · Hong Kong SAR China
1413
+10
🇻🇳 Poles · Vietnam
1377
+11
🇨🇳 Bulgarians · China
1374
+11
🇲🇦 Bohemians · Morocco
1236
+18
🇨🇳 Jurchens · China
1330
-15
🇻🇪 Mongols · Venezuela
1288
-13
🇨🇳 Varangians · China
1272
-12
🇺🇸 Magyars · United States
1196
-10
RagnarLothbrok
12:56 Feudal Age
11:13 Loom
12:58 Feudal Age
11:19 Loom
13:04 Feudal Age
14:49 Double-Bit Axe
17:42 Castle Age
18:45 Bow Saw
19:15 Horse Collar
21:32 Heavy Plow
24:04 Town Watch
26:54 Wheelbarrow
26:43 Stone Mining
27:21 Fletching
28:20 Stone Shaft Mining
28:03 Bodkin Arrow
28:56 Scale Mail Armor
28:47 Gold Mining
29:00 Padded Archer Armor
29:59 Leather Archer Armor
33:07 Imperial Age
31:16 Bloodlines
31:29 Ballistics
33:26 Thumb Ring
34:54 Chemistry
34:45 Gold Shaft Mining
34:57 Bracer
35:16 Husbandry
35:03 Capped Ram
Monkey King
9:25 Loom
13:57 Feudal Age
17:43 Double-Bit Axe
21:59 Bloodlines
23:33 Scale Barding Armor
27:29 Castle Age
28:12 Light Cavalry
The Long Dark
15:07 Feudal Age
19:45 Castle Age
18:00 Double-Bit Axe
17:58 Horse Collar
21:09 Bow Saw
24:25 Heavy Plow
27:37 Wheelbarrow
26:47 Town Watch
34:56 Imperial Age
燕帖木儿
8:16 Loom
12:52 Feudal Age
13:47 Double-Bit Axe
17:11 Wheelbarrow
17:36 Horse Collar
19:10 Bloodlines
19:38 Forging
20:23 Scale Barding Armor
24:51 Castle Age
25:33 Light Cavalry
26:14 Husbandry
26:39 Chain Barding Armor
33:42 Scale Mail Armor
仙逆许木
4:58 Loom
13:51 Feudal Age
17:36 Castle Age
15:45 Double-Bit Axe
24:07 Wheelbarrow
23:25 Town Watch
26:17 Stone Mining
31:11 Fletching
32:32 Bodkin Arrow
34:03 Stone Shaft Mining
38:27 Imperial Age
No-One-Knows-Me
5:10 Loom
14:11 Feudal Age
15:14 Double-Bit Axe
18:16 Castle Age
17:02 Horse Collar
18:20 Wheelbarrow
17:55 Town Watch
21:54 Hand Cart
24:37 Bow Saw
31:22 Imperial Age
30:32 Wagenburg Tactics
30:50 Fervor
31:02 Sanctity
32:30 Conscription
31:39 Capped Ram
33:40 Two-Man Saw
34:25 Chemistry
34:37 Elite Hussite Wagon
thanh7531
3:42 Loom
14:24 Feudal Age
18:02 Forging
18:38 Scale Barding Armor
26:12 Castle Age
24:34 Double-Bit Axe
24:38 Town Watch
25:31 Bloodlines
26:15 Wheelbarrow
25:42 Town Watch
27:21 Horse Collar
28:47 Szlachta Privileges
34:26 Iron Casting
36:01 Husbandry
The Crusades Crusader
3:16 Loom
14:45 Feudal Age
16:24 Double-Bit Axe
18:40 Castle Age
17:40 Gold Mining
17:43 Stone Mining
17:55 Gold Mining
20:29 Bow Saw
20:00 Horse Collar
20:58 Gold Shaft Mining
20:48 Heavy Plow
25:17 Scale Barding Armor
26:15 Town Watch
27:14 Husbandry
31:54 Bloodlines
36:03 Wheelbarrow
Connection lost

Rejoining the realm…

Still unreachable

The connection could not be restored.

Session expired

The server has moved on; the page needs a fresh start.